Map: Royal Blood LE

Players

manufore - Winner!

  • Race: Terran Terran
  • League: Silver
  • Spawn Location: 1:00

kingmarkel

  • Race: Zerg Zerg
  • League: Gold
  • Spawn Location: 7:00

VOD

Have the link to the VOD?

Description

any advice?

Time

  • Played on: March 20, 2023, 7:36 p.m.
  • Length: 18:41
Show
View Real Time Build Order
Export as new Build Order

manufore Terran - Winner!

Build Orders:  

Get SALT Encoding   

  12  0:01  SCV  
  13  0:13  SCV  
  14  0:24  Refinery  
  14  0:25  SCV  
  15  0:31  Refinery  
  15  0:44  Supply Depot  
  15  0:49  Supply Depot  
  15  1:05  SCV  
  15  1:06  Barracks  
  16  1:17  SCV  
  17  1:30  SCV  
  18  1:40  Supply Depot  
  18  1:42  SCV  
  18  1:46  Supply Depot  
  19  1:54  SCV  
  20  1:56  Barracks Reactor  
  20  2:13  Factory  
  20  2:16  SCV  
  21  2:28  SCV  
  22  2:40  SCV  
  23  2:45  Refinery x2  
  23  2:52  Marine x2  
  23  2:53  SCV  
  23  2:57  Factory Tech Lab  
  26  3:05  SCV  
  27  3:09  Marine x2  
  29  3:26  Siege Tank  
  32  3:27  Marine x2  
  32  3:31  Orbital Command  
  34  3:50  Marine x2  
  36  3:58  Siege Tank  
  39  4:19  Command Center  
  39  4:24  SCV  
  40  4:32  Supply Depot  
  40  4:35  Supply Depot  
  40  4:36  SCV  
  41  4:48  SCV  
  40  5:00  SCV  
  40  5:09  Supply Depot  
  40  5:12  SCV, Supply Depot  
  41  5:14  Supply Depot  
  41  5:16  Supply Depot  
  41  5:24  SCV  
  42  5:36  SCV  
  42  5:39  Supply Depot  
  42  5:42  Supply Depot  
  43  5:48  SCV  
  44  6:00  SCV  
  45  6:13  Armory x2  
  45  6:16  SCV  
  45  6:17  Orbital Command  
  46  6:28  SCV  
  47  6:40  SCV, Starport  
  47  6:41  Starport  
  48  6:52  SCV  
  49  7:01  Siege Tank  
  49  7:04  SCV  
  53  7:12  Terran Vehicle And Ship Armor Level 1, Terran Ship Weapons Level 1  
  54  7:15  SCV  
  54  7:16  SCV  
  55  7:27  SCV  
  55  7:28  SCV  
  57  7:31  Starport Reactor  
  57  7:34  Siege Tank  
  60  7:37  Starport Reactor  
  60  7:39  SCV  
  60  7:40  SCV  
  53  7:52  SCV x2  
  53  8:04  SCV, Marine x2  
  56  8:18  Viking x4  
  64  8:22  Marine x2  
  64  8:25  SCV  
  67  8:37  SCV  
  67  8:39  Marine x2  
  70  8:48  Viking x4  
  78  8:49  SCV  
  79  8:57  Marine x2  
  79  9:01  SCV  
  81  9:06  Siege Tank  
  82  9:14  SCV  
  82  9:18  Viking x4  
  90  9:38  Siege Tank  
  93  9:55  SCV  
  94  10:07  SCV  
  94  10:10  Siege Tank  
  98  10:19  SCV, Terran Ship Weapons Level 2, Terran Vehicle And Ship Armor Level 2  
  98  10:21  SCV  
  100  10:31  SCV  
  100  10:33  SCV  
  102  10:43  SCV  
  102  10:45  SCV  
  104  10:55  SCV  
  105  10:57  SCV  
  106  11:07  SCV  
  106  11:09  SCV  
  108  11:14  Viking x3  
  108  11:15  Viking  
  116  11:19  Command Center  
  116  11:20  Refinery  
  116  11:23  Refinery  
  116  11:44  Viking x4  
  124  11:55  SCV  
  124  11:58  SCV  
  126  12:07  SCV  
  127  12:10  SCV  
  127  12:14  Viking x3  
  134  12:19  SCV  
  134  12:22  SCV  
  136  12:31  SCV  
  136  12:34  SCV  
  138  12:40  Orbital Command  
  138  12:43  SCV  
  139  12:46  SCV  
  140  12:59  Starport  
  140  13:05  Viking x2  
  140  13:06  Viking x2  
  140  13:08  Command Center  
  140  13:09  Starport  
  140  13:11  Refinery  
  148  13:13  SCV  
  149  13:25  SCV  
  150  13:35  Viking x2  
  150  13:36  Viking x2  
  150  13:37  SCV  
  159  13:49  SCV  
  160  14:01  SCV  
  161  14:05  Viking x3  
  161  14:09  Starport Reactor x2  
  167  14:12  Terran Ship Weapons Level 3, Terran Vehicle And Ship Armor Level 3  
  167  14:22  Refinery  
  167  14:27  Orbital Command  
  167  15:13  Viking  
  167  15:14  Viking x7  
  183  15:43  Viking  
  183  15:44  Viking x7  
  197  16:13  Viking  
Show
View Real Time Build Order
Export as new Build Order

kingmarkel Zerg 

Build Orders: Hatch First, Swarm Host 

Get SALT Encoding   

  12  0:03  Drone  
  13  0:13  Overlord  
  13  0:16  Drone  
  14  0:32  Drone x2  
  16  0:51  Hatchery  
  15  1:05  Drone x3  
  15  1:09  Extractor  
  17  1:17  Spawning Pool  
  16  1:30  Drone x2  
  18  1:38  Drone  
  19  1:51  Drone  
  20  2:09  Drone  
  20  2:11  Queen  
  20  2:13  Queen  
  25  2:19  Drone x2  
  27  2:24  Extractor  
  27  2:25  Drone x2  
  28  2:35  Roach Warren  
  28  2:37  Drone  
  28  3:32  Overlord  
  28  3:33  Overlord x2  
  28  4:00  Hatchery  
  27  4:04  Drone x5  
  27  4:05  Drone  
  33  4:18  Spine Crawler  
  32  4:37  Spine Crawler  
  31  4:39  Spine Crawler  
  31  4:40  Spore Crawler  
  29  5:09  Roach x3  
  29  5:12  Roach x2  
  29  5:13  Roach x4  
  47  5:20  Spore Crawler  
  46  5:26  Roach  
  48  5:47  Queen  
  50  5:53  Lair  
  50  5:56  Roach  
  50  5:57  Roach x2  
  56  6:14  Drone  
  56  6:15  Drone  
  56  6:17  Overlord  
  58  6:23  Overlord x2  
  58  6:34  Queen x2  
  62  7:05  Roach x6  
  74  7:18  Overlord x2  
  74  7:36  Queen  
  52  8:11  Queen, Ravager  
  55  8:42  Ravager x2  
  55  8:43  Ravager x4  
  55  8:47  Queen  
  60  9:36  Roach  
  62  10:06  Infestation Pit  
  61  10:35  Ravager  
  62  10:45  Drone x3  
  62  10:49  Pneumatized Carapace  
  65  10:52  Swarm Host x2  
  65  10:53  Swarm Host x5  
  86  11:14  Evolution Chamber  
  86  11:15  Evolution Chamber  
  84  11:19  Metabolic Boost, Evolution Chamber  
  83  12:58  Zergling x4  
  83  12:59  Zergling x10  
  83  13:00  Overlord  
  83  13:01  Overlord x3  
  87  14:04  Zerg Melee Weapons Level 1  
  87  14:05  Zerg Missile Weapons Level 1  
  87  14:06  Zerg Ground Armor Level 1  
  87  14:12  Spire  
  87  14:13  Hive  
  87  14:14  Swarm Host  
  87  14:15  Swarm Host x4  
  49  16:35  Zerg Flyer Weapons Level 1  
  40  16:48  Hydralisk Den  
  39  17:06  Corruptor x4  
  47  17:19  Grooved Spines  
  47  17:32  Zergling x10  
  47  17:33  Zergling x12  
  47  17:34  Zergling x10  
  63  18:01  Zergling x2  
  63  18:02  Zergling x6  
Tags
 
Composition
Swarm Host
Matchup
TvZ
Spawn Locations
Cross Positions
Add a new tag
Caveats
  • Supply blocks, unpowered buildings, or Contaminate may cause inaccurate times.
  • Supply counts are checked every 10 seconds.